 Dungeon Crawl Stone Soup version 0.22-a0-192-g6ffc940 (webtiles) character file.

1005 kuniqs the Shield-Bearer (level 8, -1/70 HPs)
             Began as a Minotaur Fighter on Feb 16, 2018.
             Slain by a quasit (2 damage)
             ... on level 3 of the Dungeon.
             The game lasted 00:07:04 (3969 turns).

kuniqs the Shield-Bearer (Minotaur Fighter)         Turns: 3969, Time: 00:07:05

Health: -1/70      AC: 11    Str: 19 (20) XL:     8   Next: 0%
Magic:  7/7        EV:  2    Int:  4 (5)  God:
Gold:   171        SH:  0    Dex: -16 (11)Spells: 7/7 levels left

rFire    . . .     SeeInvis .   m - +1 dagger (elec)
rCold    + . .     Gourm    .   c - +0 shield
rNeg     . . .     Faith    .   k - +0 chain mail
rPois    .         Spirit   .   (helmet restricted)
rElec    .         Reflect  +   (no cloak)
rCorr    .         Harm     .   o - +0 pair of gloves
MR       .....                  (no boots)
Stlth    ..........             g - +3 amulet of reflection
HPRegen  0.21/turn              (no ring)
MPRegen  0.10/turn              (no ring)

@: hasted and slowed, lost dexterity
A: retaliatory headbutt, horns 2, clumsy 1, cold resistance 1, high mp 1
a: no special abilities


You were on level 3 of the Dungeon.
You were not hungry.

You visited 1 branch of the dungeon, and saw 4 of its levels.

You collected 171 gold pieces.

Inventory:

Hand Weapons
 a - a +0 war axe
 m - a +1 dagger of electrocution (weapon)
Armour
 c - a +0 shield (worn)
 k - a +0 chain mail (worn)
 o - a +0 pair of gloves (worn)
Jewellery
 g - a +3 amulet of reflection (around neck)
Wands
 b - a wand of digging (10)
Scrolls
 e - 3 scrolls of enchant armour {unknown}
 h - 4 scrolls of amnesia {unknown}
 j - a scroll of fear {unknown}
 n - a scroll of blinking {unknown}
 p - 2 scrolls of teleportation {unknown}
 t - a scroll of enchant weapon {unknown}
Potions
 d - a potion of brilliance {unknown}
 q - a potion of mutation
Comestibles
 f - 6 rations


   Skills:
 + Level 6.1 Fighting
 + Level 5.4 Axes
 + Level 6.1 Armour
 + Level 4.3 Dodging
 + Level 6.1 Shields


You had 7 spell levels left.
You didn't know any spells.

Dungeon Overview and Level Annotations

Branches:
Dungeon (4/15)
 Temple: D:4-7

Altars:
Xom
The Shining One

Annotations:
D:4 Natasha


Innate Abilities, Weirdness & Mutations

You reflexively headbutt those who attack you in melee.
You have a pair of horns on your head.
You are clumsy. (Dex -2)
Your flesh is cold resistant. (rC+)
You have an increased reservoir of magic. (+10% MP)


Message History

The quasit claws you.
* * * LOW HITPOINT WARNING * * *
The quasit bites you but does no damage.
The quasit claws you.
* * * LOW HITPOINT WARNING * * *
You feel clumsy.
The quasit claws you but does no damage.
You hit the quasit but do no damage.
You feel a little less agile now.
The quasit bites you but does no damage.
The quasit claws you but does no damage. x2
Your chain mail prevents you from hitting the quasit.
The quasit bites you but does no damage.
The quasit claws you but does no damage. x2
The quasit bites you.
* * * LOW HITPOINT WARNING * * *
The quasit claws you.
* * * LOW HITPOINT WARNING * * *
The quasit claws you.
You die...

#..#.#.#.#.# #...........#....
#..#.#.#.#.# #...........#....
#..#...#.#.# ####...........#....
#..#####'#.###.....#..#######....
#...).......##.....##.## #....
#.####......##.....##..# #....
#....'.....)##.....###.## ####'
#.####......##.....###..########.
#....+.......'..@................
######......##..5.....#..#######.
#......###.......##.#######.
######## #.......##..#......
###########.#......
###########..#####.
#..................
#...............##.
#...........(...##.


You could see a quasit.

Vanquished Creatures
  Grinder (D:4)
  Sigmund (D:3)
  Duvessa (D:4)
  Dowan (D:4)
  A crimson imp (D:4)
  2 hounds (D:4)
  3 quasits (D:4)
  5 orc wizards
  Natasha (twice) (D:4)
  4 adders
  2 oozes
  2 dart slugs
  3 leopard geckos
  12 orcs
  A giant cockroach (D:3)
  3 goblins
  5 hobgoblins
  6 jackals
  7 kobolds
  3 quokkas
  2 ball pythons
  5 bats
  2 frilled lizards
  A leopard gecko skeleton (D:4)
  8 rats
83 creatures vanquished.

Notes
Turn   | Place    | Note
-------+----------+-------------------------------------------
     0 | D:1      | kuniqs the Minotaur Fighter began the quest for the Orb.
     0 | D:1      | Reached XP level 1. HP: 19/19 MP: 0/0
   167 | D:1      | Reached XP level 2. HP: 25/27 MP: 1/1
   328 | D:1      | Reached skill level 1 in Dodging
   836 | D:2      | Found a shimmering altar of Xom.
   853 | D:2      | Reached XP level 3. HP: 32/33 MP: 2/2
   980 | D:2      | Noticed an ice beast
  1303 | D:3      | Reached XP level 4. HP: 36/40 MP: 3/3
  1661 | D:3      | Reached XP level 5. HP: 47/47 MP: 4/4
  1800 | D:3      | Noticed Sigmund
  1824 | D:3      | Killed Sigmund
  1824 | D:3      | Reached skill level 5 in Fighting
  1824 | D:3      | Reached skill level 5 in Armour
  1824 | D:3      | Reached skill level 5 in Shields
  1824 | D:3      | Reached XP level 6. HP: 6/56 MP: 5/5
  2767 | D:4      | Found a glowing golden altar of the Shining One.
  2767 | D:4      | Noticed Natasha
  2792 | D:4      | Killed Natasha
  2792 | D:4      | Reached XP level 7. HP: 61/61 MP: 6/6
  2874 | D:4      | Noticed Natasha
  2883 | D:4      | Killed Natasha
  2948 | D:4      | Noticed Duvessa
  2948 | D:4      | Noticed Dowan
  2957 | D:4      | Killed Duvessa
  2959 | D:4      | Killed Dowan
  2959 | D:4      | HP: 2/61 [poisoned by Dowan]
  2964 | D:4      | Gained mutation: You have an increased reservoir of magic. (+10% MP) [potion of mutation]
  2964 | D:4      | Gained mutation: You are clumsy. (Dex -2) [potion of mutation]
  2964 | D:4      | Gained mutation: Your flesh is cold resistant. (rC+) [potion of mutation]
  3233 | D:4      | Noticed Grinder
  3233 | D:4      | Paralysed by Grinder for 7 turns
  3250 | D:4      | Paralysed by Grinder for 7 turns
  3257 | D:4      | Reached skill level 5 in Axes
  3266 | D:4      | Killed Grinder
  3908 | D:4      | Lost dexterity.
  3926 | D:4      | Reached XP level 8. HP: 20/70 MP: 7/7
  3945 | D:4      | Noticed Natasha
  3969 | D:3      | HP: 3/70 [quasit (1)]
  3969 | D:3      | HP: 1/70 [quasit (2)]
  3969 | D:3      | Slain by a quasit

Vault maps used:
D:1:      minmay_arrival_split_and_join
D:2:      lemuel_round_altar, grunt_temple_overflow_open,
          minmay_misc_feat_columns
D:3:      uniq_sigmund
D:4:      cheibrodos_quashed, tso_metal_star, first_ration, serial_park_tiny_2,
          roderic_lattice_a, amethyst_killhole, nicolae_underground_beach,
          uniq_natasha, uniq_duvessa, uniq_grinder

Skill      XL: |  1  2  3  4  5  6  7 |
---------------+----------------------+-----
Dodging        | 1 2 3 4 |  4.3
Shields        | 4 5 6 |  6.1
Fighting       | 4 5 6 |  6.1
Armour         | 4 5 6 |  6.1
Axes           | 3 4 5 |  5.4

Action                   |  1- 3 |  4- 6 |  7- 9 || total
-------------------------+-------+-------+-------++-------
Melee: War axe           |    86 |   120 |    86 ||   292
       Headbutt          |    17 |    16 |     3 ||    36
       Dagger            |       |       |    12 ||    12
Evoke: Wand              |       |       |     1 ||     1
  Use: Potion            |       |     1 |    11 ||    12
  Eat: Chunk             |     1 |     5 |     2 ||     8
       Ration            |       |       |     1 ||     1
Armor: Scale mail        |    11 |       |       ||    11
       Chain mail        |    26 |    41 |   496 ||   563
Dodge: Dodged            |    21 |    16 |    73 ||   110
Block: Shield            |    40 |    65 |    78 ||   183
       Reflection        |       |       |     1 ||     1

Table legend:
 A = Spawn XP
 B = Non-spawn XP
 C = Spawn XP percentage of total XP
 D = Spawn monster count
 E = Non-spawn monster count
 F = Spawn count percentage of total count
 G = Total turns spent on level
                    A         B        C        D         E        F      G
               +---------+---------+-------+---------+---------+-------+---------
         Total |       0 |    1437 |   0.0 |       0 |      83 |   0.0 |  3969
               +---------+---------+-------+---------+---------+-------+---------
           D:1 |       0 |      32 |   0.0 |       0 |      16 |   0.0 |   818
           D:2 |       0 |      21 |   0.0 |       0 |      11 |   0.0 |   230
           D:3 |       0 |     457 |   0.0 |       0 |      31 |   0.0 |  1405
           D:4 |       0 |     927 |   0.0 |       0 |      25 |   0.0 |  1516
               +---------+---------+-------+---------+---------+-------+---------
